AoeStats
← Jewish Conspirator

Lombardia

508524975Analyzed
4v4 RM · 10d ago on Sep 22, 2026· 23m 43s· 8 players
Game mode
Random Map
Map size
Large (8 player)
Population
200
Speed
Normal
Resources
Standard
Victory
Conquest
Starting age
Dark Age
Ending age
Imperial Age
RankedLock teamsTeams togetherTeam positionsShared explorationLock speedFull tech treeHidden civsTurbo modeCheats
Victory
Defeat
🇦🇷 Mongols · Argentina
1406
+2
🇲🇽 Magyars · Mexico
1404
+2
🇵🇪 Koreans · Peru
1315
+3
🇲🇽 Byzantines · Mexico
958
+11
🇨🇳 Hindustanis · China
1051
-8
🇹🇼 Maya · Taiwan
1000
-25
🇨🇦 Portuguese · Canada
887
-3
🇿🇦 Persians · South Africa
706
-1
Jewish Conspirator
11:14 Feudal Age
12:36 Wheelbarrow
11:49 Double-Bit Axe
12:58 Horse Collar
15:22 Stone Mining
15:27 Gold Mining
15:20 Horse Collar
20:34 Castle Age
19:18 Stone Mining
22:08 Hand Cart
sheldongriffinjohnson
10:58 Feudal Age
13:15 Wheelbarrow
rrrrrrrrrrrrrrrrrrrrrrrr
2:02 Loom
12:44 Feudal Age
18:26 Fletching
19:58 Forging
20:41 Gold Mining
一顿猛干
11:07 Feudal Age
9:24 Loom
14:39 Castle Age
12:42 Double-Bit Axe
12:40 Horse Collar
17:42 Wheelbarrow
19:30 Loom
20:31 Hand Cart
23:06 Fletching
EL MAYA
8:59 Feudal Age
11:28 Scale Barding Armor
16:21 Wheelbarrow
16:49 Bloodlines
23:16 Horse Collar
23:24 Double-Bit Axe
percy_bysshe
2:53 Loom
11:57 Feudal Age
13:36 Double-Bit Axe
19:10 Castle Age
19:06 Fletching
19:52 Bodkin Arrow
Azulazar
9:02 Loom
11:42 Feudal Age
19:49 Castle Age
18:07 Double-Bit Axe
19:21 Horse Collar
19:37 Fletching
20:12 Gold Mining
20:56 Bodkin Arrow
22:29 Padded Archer Armor
24:27 Bow Saw
JANROD2944
2:16 Loom
13:51 Feudal Age
14:37 Double-Bit Axe
16:05 Wheelbarrow
21:47 Castle Age
21:01 Forging
20:56 Scale Barding Armor
21:09 Stone Mining
21:32 Gold Mining
23:35 Hand Cart
23:25 Husbandry
22:56 Light Cavalry
Connection lost

Rejoining the realm…

Still unreachable

The connection could not be restored.

Session expired

The server has moved on; the page needs a fresh start.